 Dungeon Crawl Stone Soup version 0.23.2-1-ga50397a6bc (webtiles) character file.

Game seed: 11696809889131733474

77 Mrkan the Chopper (level 4, -1/41 HPs)
             Began as a Hill Orc Monk on May 14, 2019.
             Was a Believer of Beogh.
             Slain by a gnoll
             ... wielding a +0 halberd
              (8 damage)
             ... on level 3 of the Dungeon.
             The game lasted 00:03:55 (1912 turns).

Mrkan the Chopper (Hill Orc Monk)                   Turns: 1912, Time: 00:03:56

Health: -1/41      AC:  3    Str: 14    XL:     4   Next: 34%
Magic:  4/4        EV: 12    Int: 10    God:    Beogh [**....]
Gold:   56         SH:  3    Dex: 13    Spells: 3/3 levels left

rFire    . . .     SeeInvis .   a - +0 hand axe
rCold    . . .     Gourm    .   m - +0 buckler
rNeg     . . .     Faith    .   b - +0 robe
rPois    .         Spirit   .   q - +0 helmet
rElec    .         Reflect  .   (no cloak)
rCorr    .         Harm     .   (no gloves)
MR       .....                  (no boots)
Stlth    ++........             (no amulet)
HPRegen  0.13/turn              (no ring)
MPRegen  0.09/turn              (no ring)

@: starving
A: no striking features
a: Smiting, Renounce Religion


You were on level 3 of the Dungeon.
You worshipped Beogh.
Beogh was pleased with you.
You were starving.

You visited 1 branch of the dungeon, and saw 3 of its levels.

You collected 56 gold pieces.

Inventory:

Hand Weapons
 a - a +0 hand axe (weapon)
 p - a +1 battleaxe of electrocution
 s - a +0 blowgun
Missiles
 r - 13 poisoned needles
Armour
 b - a +0 robe (worn)
 m - a +0 buckler (worn)
 q - a +0 helmet (worn)
Jewellery
 n - a cursed amulet of inaccuracy {unknown}
Scrolls
 e - 3 scrolls of remove curse {unknown}
 h - a scroll of random uselessness {unknown}
 j - a scroll of teleportation {unknown}
 k - a scroll of enchant armour {unknown}
 l - 2 scrolls of magic mapping {unknown}
 o - 2 scrolls of identify {unknown}
Potions
 d - 2 potions of curing {unknown}
 f - a potion of ambrosia {unknown}
 g - a potion of haste {unknown}
 i - 2 potions of lignification {unknown}
Comestibles
 c - 3 rations


   Skills:
 + Level 4.4 Fighting
 * Level 6.1 Axes
 - Level 2.4 Dodging
 - Level 1.5 Stealth


You had 3 spell levels left.
You didn't know any spells.
Your spell library was empty.

Dungeon Overview and Level Annotations

Branches:
Dungeon (3/15)

Altars:
Okawaru


Message History

The gnoll is moderately wounded.
The gnoll hits you from afar with a +0 halberd!
You closely miss the gnoll.
The gnoll is moderately wounded.
You block the gnoll's attack.
You hit the gnoll.
The gnoll is heavily wounded.
The gnoll hits you from afar with a +0 halberd!
The gnoll misses you.
You slash the gnoll!
You kill the gnoll!
Beogh accepts your kill.
Your Axes skill increases to level 6!
The gnoll barely misses you. The gnoll hits you with a +0 halberd!
* * * LOW HITPOINT WARNING * * *
Things that are here:
a +0 flail; a gnoll corpse; an adder skeleton You closely miss the gnoll.
The gnoll hits you with a +0 halberd!
You die...

### .. ..#
#..#####.#
#......<.#
#...###..# #
#.# #..# #.#
#..#
#.####.###..#
#.....gg@(..#
#####..######
#..# #...
..#. ... S.
.### ## .#


You could see 2 gnolls.

Vanquished Creatures
  A gnoll (D:3)
  2 adders
  An ooze (D:2)
  A worm (D:2)
  A dart slug (D:1)
  A leopard gecko (D:2)
  A ball python (D:3)
  4 bats
  5 goblins (D:2)
  6 hobgoblins
  2 jackals (D:2)
  A quokka (D:2)
  A frilled lizard (D:2)
  6 kobolds
  5 rats
38 creatures vanquished.

Vanquished Creatures (others)
  An adder (D:2)
  A frilled lizard (D:2)
2 creatures vanquished.

Grand Total: 40 creatures vanquished

Notes
Turn   | Place    | Note
-------+----------+-------------------------------------------
     0 | D:1      | Mrkan the Hill Orc Monk began the quest for the Orb.
     0 | D:1      | Reached XP level 1. HP: 19/19 MP: 1/1
   295 | D:1      | Reached XP level 2. HP: 22/27 MP: 2/2
   866 | D:2      | Reached skill level 5 in Axes
   928 | D:2      | Reached XP level 3. HP: 32/33 MP: 3/3
  1017 | D:2      | Found an iron altar of Okawaru.
  1267 | D:2      | Became a worshipper of Beogh the Brigand
  1267 | D:2      | Reached * piety under Beogh
  1267 | D:2      | Reached ** piety under Beogh
  1615 | D:3      | Reached XP level 4. HP: 19/41 MP: 4/4
  1910 | D:3      | Reached skill level 6 in Axes
  1912 | D:3      | Slain by a gnoll

Skill      XL: |  1  2  3  4 |
---------------+-------------+-----
Fighting       | 4 |  4.4
Axes           | 5 6 |  6.1
Dodging        | |  2.4
Stealth        | |  1.5

Action                   |  1- 3 |  4- 6 || total
-------------------------+-------+-------++-------
Melee: Hand axe          |   116 |    16 ||   132
Invok: Convert to Beogh  |     1 |       ||     1
 Stab: Sleeping          |     2 |       ||     2
  Eat: Chunk             |     1 |       ||     1
Armor: Robe              |    17 |       ||    17
Dodge: Dodged            |    80 |    15 ||    95
Block: Buckler           |     5 |     2 ||     7
